 Dungeon Crawl Stone Soup version 0.25.1-2-g60ff931df9 (webtiles) character file.

Game seed: 82947098836719471

403374 DearestLeader the Executioner (level 22, -6/170 HPs)
             Began as a Demonspawn Gladiator on Oct 20, 2020.
             Was a High Priest of Qazlal.
             Splashed by an ancient lich's acid (7 damage)
             ... while petrified by an ancient lich
             ... on level 5 of the Vaults on Oct 21, 2020.
             The game lasted 02:19:36 (42108 turns).

DearestLeader the Executioner (DsGl)               Turns: 42108, Time: 02:19:37

Health: -6/170     AC: 34    Str: 22    XL:     22   Next: 32%
Magic:  0/54       EV:  2    Int: 18    God:    Qazlal [*****.]
Gold:   2423       SH:  0    Dex: 16    Spells: 21/21 levels left

rFire    + + +     SeeInvis .   r - +2 battleaxe of Winter {venom, +Inv rC+ Int+3}
rCold    + + +     Gourm    .   (shield currently unavailable)
rNeg     + + +     Faith    .   E - +4 gold dragon scales
rPois    ∞         Spirit   +   (helmet unavailable)
rElec    .         Reflect  +   b - +2 cloak {rF+}
rCorr    .         Harm     .   W - +0 pair of gloves
MR       +....                  w - +2 pair of boots {Fly}
Stlth    ..........             G - amulet of reflection
HPRegen  0.38/turn              F - ring of magical power
MPRegen  0.68/turn              x - ring of Regaur {rC+ rN+ MP+9 Int+4}

@: petrified, protected from cold, corroded, flying, very slightly contaminated,
studying Stealth, lightly drained, repel missiles
A: horns 3, molten scales 3, fire resistance 1, hurl damnation, powered by death
3, magic shield, magic regeneration, magic link, flame cloud immunity
}: 2/15 runes: barnacled, gossamer
a: Hurl Damnation, Upheaval, Elemental Force, Disaster Area, Renounce Religion,
Evoke Invisibility, Stop Flying


You were on level 5 of the Vaults.
You worshipped Qazlal.
Qazlal was extremely pleased with you.
You were hungry.

You visited 6 branches of the dungeon, and saw 36 of its levels.
You visited 1 bazaar.
You also visited: Ice Cave and Volcano.

You collected 4657 gold pieces.
You spent 2234 gold pieces at shops.

Inventory:

Hand Weapons
 r - the +2 battleaxe of Winter (weapon) {venom, +Inv rC+ Int+3}
   (You bought it in a shop on level 2 of the Orcish Mines)

   It poisons the flesh of those it strikes.
   It affects your intelligence (+3).
   It protects you from cold.
   It lets you turn invisible.
 C - a +2 vampiric executioner's axe
 N - a +2 broad axe of flaming
Missiles
 d - 13 throwing nets
 e - 65 poisoned darts (quivered)
Armour
 b - a +2 cloak of fire resistance (worn)
 w - a +2 pair of boots of flying (worn)
 E - +4 gold dragon scales (worn)
 K - a +1 cloak of preservation
 R - +3 storm dragon scales {Bai Suzhen}
 W - a +0 pair of gloves (worn)
Jewellery
 x - the ring of Regaur (right hand) {rC+ rN+ MP+9 Int+4}
   (You acquired it on level 4 of the Shoals)

   [ring of magical power]

   It affects your intelligence (+4).
   It protects you from cold.
   It protects you from negative energy.
   It affects your magic capacity (+9).
 y - an uncursed ring of protection from cold
 F - a ring of magical power (left hand)
 G - an amulet of reflection (around neck)
 X - an uncursed ring of resist corrosion
Wands
 c - a wand of iceblast (19)
 p - a wand of clouds (3)
 z - a wand of digging (16)
 D - a wand of paralysis (7)
 J - a wand of enslavement (10)
 U - a wand of acid (7)
 Y - a wand of random effects (16)
Scrolls
 a - a scroll of fear
 g - 4 scrolls of amnesia
 i - 6 scrolls of enchant weapon
 j - 29 scrolls of remove curse
 t - 2 scrolls of fog
 B - 5 scrolls of silence
 I - 9 scrolls of identify
 P - 4 scrolls of teleportation
 S - a scroll of summoning
 V - 5 scrolls of magic mapping
Potions
 h - 6 potions of might
 k - 2 potions of berserk rage
 l - 7 potions of curing
 m - 6 potions of brilliance
 n - 5 potions of stabbing
 o - 4 potions of haste
 q - 5 potions of ambrosia
 u - 7 potions of resistance
 v - 10 potions of flight
 A - 5 potions of mutation
 L - a potion of invisibility
 M - 2 potions of cancellation
 Q - 4 potions of heal wounds
Books
 H - a manual of Stealth
Comestibles
 f - 73 rations
 O - 13 chunks of flesh


   Skills:
 + Level 13.6(13.4) Fighting
 * Level 21.8(21.6) Axes
 - Level 1.7(1.6) Throwing
 + Level 17.4(17.2) Armour
 + Level 14.0(13.8) Dodging
 + Level 20.7(20.5) Invocations


You had 21 spell levels left.
You didn't know any spells.
Your spell library contained the following spells:

 Spells                   Type           Power        Failure   Level  Hunger
 Corona                   Hex            #......      100%        1    ##.....
 Magic Dart               Conj           #...         100%        1    ##.....
 Blink                    Tloc           N/A          100%        2    ###....
 Call Imp                 Summ           #.......     100%        2    ###....
 Corpse Rot               Necr/Air       N/A          100%        2    ###....
 Passwall                 Tmut/Erth      #.......     100%        2    ###....
 Poisonous Vapours        Pois/Air       #.....       100%        2    ###....
 Slow                     Hex            #.......     100%        2    ###....
 Sublimation of Blood     Necr           #.........   100%        2    ###....
 Swiftness                Chrm/Air       #.......     100%        2    ###....
 Conjure Flame            Conj/Fire      #.......     100%        3    ####...
 Inner Flame              Hex/Fire       #.......     100%        3    ####...
 Mephitic Cloud           Conj/Pois/Air  #.......     100%        3    ####...
 Portal Projectile        Hex/Tloc       #.....       100%        3    ####...
 Cause Fear               Hex            #.........   100%        4    #####..
 Dispel Undead            Necr           #.......     100%        4    #####..
 Ice Form                 Ice/Tmut       #.......     100%        4    #####..
 Leda's Liquefaction      Hex/Erth       #.........   100%        4    #####..
 Passage of Golubria      Tloc           N/A          100%        4    #####..
 Agony                    Necr           #.......     100%        5    ######.
 Excruciating Wounds      Chrm/Necr      #.........   100%        5    ######.
 Irradiate                Conj/Tmut      #.........   100%        5    ######.
 Lee's Rapid Deconstruct  Erth           #.........   100%        5    ######.
 Metabolic Englaciation   Hex/Ice        #.........   100%        5    ######.
 Silence                  Hex/Air        #.........   100%        5    ######.
 Yara's Violent Unravell  Hex/Tmut       #.........   100%        5    ######.
 Darkness                 Hex            #.........   100%        6    #######
 Freezing Cloud           Conj/Ice/Air   #.........   100%        6    #######
 Hydra Form               Tmut           #.........   100%        6    #######
 Invisibility             Hex            #.......     100%        6    #######
 Ozocubu's Refrigeration  Ice            #.........   100%        6    #######
 Simulacrum               Ice/Necr       #.........   100%        6    #######
 Statue Form              Tmut/Erth      #........    100%        6    #######
 Dragon Form              Tmut           #.........   100%        7    #######
 Ring of Flames           Chrm/Fire      #.........   100%        7    #######
 Discord                  Hex            #.........   100%        8    #######


Dungeon Overview and Level Annotations

Branches:
Dungeon (15/15)            Temple (0/1) D:6            Lair (6/6) D:9
 Shoals (4/4) Lair:4       Spider (4/4) Lair:4        Slime (0/5) Lair:5
    Orc (2/2) D:11            Elf (0/3) Orc:2        Vaults (5/5) D:14
  Crypt (0/3) Vaults:2     Depths (0/5) D:15          IceCv (visited)
Volcano (visited)

Altars:
Ashenzari
Cheibriados
Elyvilon
Fedhas
Gozag
Kikubaaqudgha
Makhleb
Okawaru
Qazlal
Sif Muna
Uskayaw
Vehumet
Wu Jian
Xom
Yredelemnul
Zin
The Shining One
Beogh
Jiyva

Shops:
D:7 }   Orc:2 :(*[   Shoals:1 (   Shoals:4 *   Vaults:2 [:   Vaults:3 [

Annotations:
D:5 2 transporters
Vaults:3 3 runed translucent doors, SnubMonkey's ghost, adept GnVM; haesbaert's ghost, adept DsAK


Innate Abilities, Weirdness & Mutations

You have a pair of large horns on your head.
You are completely covered in molten scales. (AC +4, rF+)
Your flesh is heat resistant. (rF+)
You can hurl damnation.
You regenerate a lot of health from kills.
When hurt, damage is shared between your health and your magic reserves.
You regenerate magic rapidly.
When low on magic, you restore magic in place of health.
You are immune to clouds of flame.


Message History

The lich touches you but does no damage.
The ancient lich touches you but does no damage.
The yaktaur changes into a tarantella!
The lich touches you but does no damage.
The ancient lich touches you.
* * * LOW HITPOINT WARNING * * *
The lich touches you but does no damage.
The ancient lich casts a spell at you.
You barely resist.
The lich touches you but does no damage.
The ancient lich touches you but does no damage.
Your protection from cold is fading.
The lich touches you but does no damage.
The ancient lich touches you but does no damage.
The lich touches you.
The ancient lich points at you and mumbles some strange words.
The bolt of acid hits you!!!
* * * LOW HITPOINT WARNING * * *
You are splashed with acid!
You die...

#....#############
#....≈≈≈..........
#..≈.≈C...........
#s...≈Le..........
#..§)L≈†Y..(......
#.§§§#############
#CYe.....
#LL#..... #@§# ###
#§§# #§.# #..#
#..# #..# #..#
#..#... #...


You could see an ancient lich (fast), a stone giant, a lich (fast), a deep elf
mage (empowered) and an ice beast (summoned).

Vanquished Creatures
  Mara (Spider:2)
  An ancient lich (Vaults:3)
  Bai Suzhen (Spider:3)
  Saint Roka (Orc:2)
  3 golden dragons
  Arachne (Spider:2)
  5 tentacled monstrosities
  Jorgrun (Spider:1)
  Asterion (Spider:4)
  2 liches
  2 titans
  3 krakens
  3 sphinxes
  5 tengu reavers (Vaults:5)
  Agnes (Spider:4)
  2 shadow dragons
  Kirke (Spider:1)
  3 storm dragons
  Donald (Vaults:4)
  2 fire giants (Vaults:5)
  An azure jelly (shapeshifter) (Vaults:4)
  Ilsuiw (Shoals:3)
  A fire giant (shapeshifter) (Vaults:5)
  An iron dragon (Vaults:5)
  18 vault wardens
  2 ghost moths (Spider:4)
  Louise (Spider:4)
  2 frost giants
  7 emperor scorpions
  A deep elf sorcerer (Vaults:5)
  An orc warlord (Orc:1)
  A ghoul (Vaults:3)
  4 very ugly things
  14 stone giants
  10 ironheart preservers
  4 entropy weavers
  Nessos (Lair:6)
  2 deep elf demonologists (Vaults:4)
  Azrael (D:14)
  2 deep elf annihilators
  2 dire elephants
  A spark wasp (Spider:4)
  5 ettins
  5 merfolk javelineers
  A fire dragon (Vaults:1)
  A deep elf death mage (Vaults:3)
  12 yaktaur captains
  11 merfolk impalers
  5 deep elf high priests
  A slime creature (D:15)
  Josephine (D:10)
  3 great orbs of eyes
  4 ice dragons
  33 vault guards
  5 hydras
  A rakshasa (Vaults:3)
  2 catoblepae (Lair:6)
  5 merfolk avatars
  10 centaur warriors
  2 satyrs (Shoals:3)
  2 alligator snapping turtles (Shoals:4)
  7 merfolk aquamancers
  2 death knights
  2 deep troll earth magi
  A dancing weapon (Vaults:5)
  23 two-headed ogres
  A queen ant (Spider:4)
  A death yak (Vaults:2)
  A hell hog (Volcano)
  Urug (Orc:2)
  9 ogre magi
  An orc high priest (Orc:2)
  A tengu warrior (D:14)
  Sonja (Lair:2)
  4 deep elf knights
  A fire crab (Volcano)
  A fire crab (shapeshifter) (Vaults:5)
  2 skeletal warriors
  An unseen horror (D:11)
  21 sea snakes
  A flayed ghost (Vaults:1)
  A death drake (shapeshifter) (Vaults:3)
  2 glowing orange brains (Vaults:3)
  9 deep trolls
  A kraken simulacrum (Shoals:4)
  3 large abominations (Vaults:5)
  12 orc knights
  4 wizards
  2 phantasmal warriors
  17 ironbrand convokers
  4 necromancers
  Pikel (D:6)
  A swamp dragon (shapeshifter) (D:13)
  10 deep elf archers
  17 deep elf magi
  A frost giant zombie (Vaults:2)
  28 ugly things
  20 orb spiders
  22 harpies
  10 manticores
  4 orc sorcerers (Orc:2)
  9 fauns
  11 cyclopes
  A moth of wrath (shapeshifter) (Vaults:1)
  A faun (shapeshifter) (Vaults:3)
  A salamander (D:15)
  A moth of wrath (Spider:1)
  34 wolf spiders
  A stone giant skeleton (Vaults:3)
  3 black mambas
  Maurice (D:9)
  37 elephants
  5 merfolk sirens
  14 vault sentinels
  A torpor snail (Lair:6)
  3 ice statues (IceCv)
  4 gargoyles
  10 water nymphs
  An eye of devastation (Vaults:4)
  5 spiny frogs
  A human zombie (Vaults:3)
  9 centaur skeletons
  9 demonic crawlers
  3 rime drakes
  7 komodo dragons
  A yaktaur zombie (Vaults:2)
  An efreet (D:12)
  A komodo dragon (shapeshifter) (Vaults:3)
  25 yaktaurs
  5 freezing wraiths
  34 jumping spiders
  13 trolls
  7 ice devils
  5 small abominations (Vaults:5)
  A merfolk (shapeshifter) (Vaults:4)
  7 wind drakes
  10 hornets
  A queen bee (D:11)
  35 merfolk
  A wind drake (shapeshifter) (D:15)
  Prince Ribbit (D:7)
  4 polar bears
  A queen bee (shapeshifter) (Vaults:4)
  3 blink frogs (Lair:5)
  16 dream sheep
  9 hippogriffs
  11 snapping turtles
  24 tarantellas
  12 water elementals
  5 wraiths
  59 redbacks
  15 spriggans
  2 shadows (D:14)
  2 fire elementals (D:14)
  10 hogs
  A yak (shapeshifter) (Vaults:4)
  A human (D:7)
  A wyvern (D:15)
  2 basilisks
  23 yaks
  Grum (D:9)
  7 vampire mosquitoes
  3 fire bats (Volcano)
  3 steam dragons (Volcano)
  2 hungry ghosts (D:14)
  4 wargs
  Menkaure (D:7)
  3 acid dragons
  4 hell hounds (D:14)
  An acid dragon (shapeshifter) (Vaults:4)
  A soldier ant (shapeshifter) (Vaults:5)
  10 water moccasins
  A deep troll zombie (Vaults:3)
  19 soldier ants
  38 orc warriors
  8 porcupines
  7 ice beasts
  5 sky beasts
  7 black bears
  An eye of draining (D:11)
  5 phantoms
  22 ogres
  35 wolves
  4 boggarts (Lair:6)
  6 necrophages
  20 crocodiles
  19 centaurs
  4 big kobolds
  21 bullfrogs
  2 human skeletons
  A wyvern zombie (D:13)
  A gnoll sergeant (D:13)
  3 scorpions
  A water moccasin zombie (D:7)
  2 human simulacra
  5 wights (D:10)
  42 killer bees
  5 electric eels
  7 howler monkeys
  2 crimson imps
  5 jellies
  3 bullfrog zombies
  7 centaur zombies
  2 draconian simulacra (IceCv)
  9 hounds
  26 orc priests
  8 iguanas
  36 orc wizards
  3 bullfrog skeletons
  29 worker ants
  2 troll simulacra (IceCv)
  A killer bee zombie (D:5)
  2 centaur simulacra (IceCv)
  3 hound skeletons
  2 howler monkey zombies
  A worker ant zombie (D:10)
  8 gnolls
  3 naga simulacra (IceCv)
  10 adders
  A howler monkey skeleton (D:3)
  2 ogre simulacra
  2 shadow imps
  4 white imps
  An ufetubus (D:8)
  2 oozes
  An adder skeleton (D:5)
  2 adder zombies (D:5)
  3 worms
  6 dart slugs
  8 leopard geckos
  107 orcs
  7 giant cockroaches
  8 goblins
  10 hobgoblins
  15 jackals
  5 quokkas
  3 ball pythons
  13 bats
  8 frilled lizards
  27 kobolds
  A quokka skeleton (D:5)
  10 rats
  2 crawling corpses (Vaults:5)
  2 fungi (Lair:2)
  18 plants
  11 tentacles
1771 creatures vanquished.

Vanquished Creatures (collateral kills)
  Frederick (Vaults:4)
  2 vault guards (Vaults:4)
  An orc high priest (Orc:2)
  3 orc warriors (Orc:2)
  A killer bee (D:13)
  An orc priest (Orc:2)
9 creatures vanquished.

Vanquished Creatures (others)
  Nikola (Spider:4)
  An ironheart preserver (Vaults:4)
  A merfolk aquamancer (Shoals:4)
  An elephant (Lair:2)
  A water nymph (Shoals:4)
  Maggie (D:6)
  A troll (Vaults:2)
  A slime creature (Vaults:1)
  An orc (D:3)
  14 fungi
  29 plants
  23 tentacles
  2 toadstools (D:8)
77 creatures vanquished.

Grand Total: 1857 creatures vanquished

Notes
Turn   | Place    | Note
-------+----------+-------------------------------------------
     0 | D:1      | DearestLeader the Demonspawn Gladiator began the quest for
                  | the Orb.
     0 | D:1      | Reached XP level 1. HP: 16/16 MP: 1/1
    58 | D:1      | Reached skill level 3 in Axes
   160 | D:1      | Gained mutation: You regenerate a little health from kills.
                  | [demonic ancestry]
   160 | D:1      | Reached XP level 2. HP: 20/22 MP: 2/2
   404 | D:1      | Gained mutation: You have a pair of small horns on your
                  | head. [demonic ancestry]
   404 | D:1      | Reached XP level 3. HP: 27/27 MP: 3/3
   978 | D:2      | Reached skill level 4 in Axes
   980 | D:2      | Found a faded altar of an unknown god.
  1133 | D:2      | Found a stormy altar of Qazlal.
  1135 | D:2      | Noticed a fire elemental
  1135 | D:2      | Noticed a water elemental
  1136 | D:2      | Noticed an air elemental
  1136 | D:2      | Noticed an earth elemental
  1141 | D:2      | Became a worshipper of Qazlal Stormbringer
  1165 | D:2      | Found a radiant altar of Vehumet.
  1202 | D:2      | Found a shattered altar of Ashenzari.
  1220 | D:2      | Gained mutation: You are partially covered in molten
                  | scales. (AC +2) [demonic ancestry]
  1220 | D:2      | Reached XP level 4. HP: 33/33 MP: 4/4
  1302 | D:2      | Found an opulent altar of Gozag.
  1542 | D:3      | Reached skill level 1 in Armour
  1556 | D:3      | You fall into a shaft and drop 3 floors!
  1615 | D:5      | Entered Level 5 of the Dungeon
  1623 | D:5      | Reached * piety under Qazlal
  1623 | D:5      | Gained mutation: When hurt, damage is shared between your
                  | health and your magic reserves. [demonic ancestry]
  1623 | D:5      | Reached XP level 5. HP: 36/38 MP: 5/5
  1768 | D:5      | Found a glowing silver altar of Zin.
  1768 | D:5      | Found a glowing golden altar of the Shining One.
  1770 | D:5      | Found a blossoming altar of Fedhas.
  1770 | D:5      | Noticed a troll
  1770 | D:5      | Noticed a centaur
  1770 | D:5      | Noticed a hungry ghost
  1772 | D:5      | Found a transporter.
  1785 | D:5      | Found a transporter.
  1796 | D:5      | Noticed a sky beast
  1818 | D:5      | Reached skill level 5 in Axes
  1874 | D:4      | Reached XP level 6. HP: 24/44 MP: 4/6
  2181 | D:4      | Gained mutation: You have a pair of horns on your head.
                  | [demonic ancestry]
  2181 | D:4      | Reached XP level 7. HP: 32/50 MP: 5/7
  2399 | D:4      | Reached skill level 6 in Axes
  2584 | D:4      | Found a blossoming altar of Fedhas.
  2868 | D:3      | Reached ** piety under Qazlal
  3601 | D:5      | Reached skill level 7 in Axes
  3619 | D:5      | Reached XP level 8. HP: 33/56 MP: 4/8
  3655 | D:5      | Reached skill level 5 in Armour
  4089 | D:5      | Reached *** piety under Qazlal
  4369 | D:5      | Found a shimmering altar of Xom.
  4464 | D:5      | Reached skill level 8 in Axes
  4524 | D:6      | Reached skill level 1 in Invocations
  4911 | D:6      | Found an iron altar of Okawaru.
  4948 | D:6      | Found a snail-covered altar of Cheibriados.
  5264 | D:6      | Gained mutation: You regenerate health from kills. [demonic
                  | ancestry]
  5264 | D:6      | Reached XP level 9. HP: 60/60 MP: 11/11
  5276 | D:6      | Noticed Maggie
  5283 | D:6      | Noticed Pikel
  5412 | D:6      | Killed Pikel
  5412 | D:6      | Reached skill level 9 in Axes
  5422 | D:6      | Killed Maggie
  5422 | D:6      | Reached skill level 5 in Invocations
  5441 | D:6      | Found a white marble altar of Elyvilon.
  5536 | D:6      | Found a staircase to the Ecumenical Temple.
  5802 | D:7      | Noticed Menkaure
  5810 | D:7      | Killed Menkaure
  5884 | D:7      | Found Jayniez's Gadget Emporium.
  5966 | D:7      | Found a hide-covered altar of Uskayaw.
  6031 | D:7      | Reached **** piety under Qazlal
  6068 | D:7      | Reached skill level 10 in Axes
  6362 | D:7      | Noticed Prince Ribbit
  6375 | D:7      | Killed Prince Ribbit
  6595 | D:7      | Reached XP level 10. HP: 55/69 MP: 10/14
  7274 | D:8      | Reached skill level 5 in Fighting
  7310 | D:8      | Noticed a two-headed ogre
  7316 | D:8      | Killed a two-headed ogre
  7316 | D:8      | Reached skill level 11 in Axes
  7459 | D:8      | Found a glowing golden altar of the Shining One.
  7565 | D:8      | Noticed a gargoyle
  7580 | D:8      | Killed a gargoyle
  8379 | D:9      | Noticed Grum
  8403 | D:9      | Killed Grum
  8505 | D:9      | Gained mutation: You regenerate magic rapidly. [demonic
                  | ancestry]
  8505 | D:9      | Reached XP level 11. HP: 43/82 MP: 4/15
  8527 | D:9      | Noticed Maurice
  8539 | D:9      | Found a shimmering blue altar of Sif Muna.
  8966 | D:9      | Killed Maurice
  9030 | D:9      | Found a shimmering blue altar of Sif Muna.
  9173 | D:9      | Found a staircase to the Lair.
  9212 | D:9      | Found an ornate altar of the Wu Jian Council.
  9363 | D:10     | Entered Level 10 of the Dungeon
  9415 | D:10     | Noticed a two-headed ogre
  9420 | D:10     | Killed a two-headed ogre
  9463 | D:10     | Noticed Josephine
  9482 | D:10     | Killed Josephine
  9482 | D:10     | Reached skill level 12 in Axes
  9507 | D:10     | Noticed a two-headed ogre
  9569 | D:10     | Found a shimmering altar of Xom.
  9715 | D:10     | Killed a two-headed ogre
  9919 | D:10     | You fall into a shaft and drop 3 floors!
  9954 | D:13     | Noticed a cyan ugly thing
  9976 | D:13     | Noticed a centaur warrior
  9985 | D:13     | Killed a centaur warrior
  9989 | D:13     | Noticed a centaur warrior
 10009 | D:13     | Noticed a deep elf mage
 10014 | D:13     | Killed a centaur warrior
 10014 | D:13     | Gained mutation: When low on magic, you restore magic in
                  | place of health. [demonic ancestry]
 10014 | D:13     | Reached XP level 12. HP: 26/94 MP: 2/16
 10064 | D:12     | Noticed a centaur warrior
 10085 | D:12     | Reached skill level 13 in Axes
 10126 | D:12     | Killed a centaur warrior
 10280 | D:11     | Noticed an eight-headed hydra
 10291 | D:11     | Killed a 12-headed hydra
 10547 | D:11     | Found a staircase to the Orcish Mines.
 10562 | D:11     | Found a roughly hewn altar of Beogh.
 10628 | D:11     | Reached skill level 10 in Armour
 11161 | D:11     | Reached skill level 14 in Axes
 11471 | Lair:1   | Entered Level 1 of the Lair of Beasts
 11472 | Lair:1   | You fall into a shaft and drop 1 floor!
 11475 | Lair:2   | Noticed a dire elephant
 11499 | Lair:2   | Killed a dire elephant
 11505 | Lair:2   | Gained mutation: You have a pair of large horns on your
                  | head. [demonic ancestry]
 11505 | Lair:2   | Reached XP level 13. HP: 37/103 MP: 10/17
 11511 | Lair:2   | Reached skill level 10 in Fighting
 11623 | Lair:2   | Noticed Sonja
 11629 | Lair:2   | Killed Sonja
 11982 | Lair:2   | Found a dark tunnel.
 11984 | Lair:2   | You fall into a shaft and drop 2 floors!
 12116 | Volcano  | Entered a volcano
 12153 | Volcano  | Reached skill level 15 in Axes
 13111 | Lair:3   | Reached ***** piety under Qazlal
 14063 | Lair:4   | Found a hole to the Spider Nest.
 14227 | Lair:4   | Found a glowing silver altar of Zin.
 14508 | Lair:5   | Found a staircase to the Slime Pits.
 14508 | Lair:5   | Found a viscous altar of Jiyva.
 15065 | Lair:5   | Gained mutation: You are mostly covered in molten scales.
                  | (AC +3) [demonic ancestry]
 15065 | Lair:5   | Reached XP level 14. HP: 110/110 MP: 21/21
 15166 | Lair:6   | Entered Level 6 of the Lair of Beasts
 15203 | Lair:6   | Noticed Nessos
 15214 | Lair:6   | Killed Nessos
 15231 | Lair:6   | Reached skill level 10 in Invocations
 15623 | Lair:6   | Reached skill level 16 in Axes
 16059 | Lair:6   | Paralysed by a hornet for 2 turns
 18063 | Orc:1    | Entered Level 1 of the Orcish Mines
 18096 | Orc:1    | Noticed an orc warlord
 18101 | Orc:1    | Reached ****** piety under Qazlal
 18123 | Orc:1    | Killed an orc warlord
 18557 | Orc:2    | Entered Level 2 of the Orcish Mines
 18575 | Orc:2    | Found a roughly hewn altar of Beogh.
 18720 | Orc:2    | Found a roughly hewn altar of Beogh.
 18723 | Orc:2    | Reached XP level 15. HP: 98/115 MP: 23/23
 18731 | Orc:2    | Noticed Saint Roka
 18755 | Orc:2    | Killed Saint Roka
 18761 | Orc:2    | Found Demekhuz's Antique Armour Shop.
 18772 | Orc:2    | Found Qejip's General Store.
 18777 | Orc:2    | Found Kuraatoyha's Antique Weapon Shop.
 18855 | Orc:2    | Bought a pitted plate armour for 840 gold pieces
 18865 | Orc:2    | Identified the cursed +1 plate armour "Paicast" {rC+++
                  | Str-2} (You bought it in a shop on level 2 of the Orcish
                  | Mines)
 18905 | Orc:2    | Bought a bone battleaxe for 402 gold pieces
 18905 | Orc:2    | Identified the cursed +2 battleaxe of Winter {venom, +Inv
                  | rC+ Int+3} (You bought it in a shop on level 2 of the
                  | Orcish Mines)
 18929 | Orc:2    | Noticed Urug
 18942 | Orc:2    | Killed Urug
 19044 | Orc:2    | Found a staircase to the Elven Halls.
 19190 | Orc:2    | Found Cenup's Food Shoppe.
 19394 | Orc:2    | Found Xeicul's Book Shop.
 20174 | D:13     | Reached skill level 17 in Axes
 20804 | D:14     | Found a gate to the Vaults.
 20804 | D:14     | Noticed Azrael
 20814 | D:14     | Killed Azrael
 20879 | D:14     | Reached skill level 5 in Dodging
 20922 | D:14     | Found a frozen archway.
 20944 | IceCv    | Entered an ice cave
 21216 | IceCv    | Identified the cursed +1 troll leather armour "Xoniug"
                  | {*Slow Regen+ Str+5}
 22037 | D:15     | Entered Level 15 of the Dungeon
 22631 | D:15     | Found a staircase to the Depths.
 23907 | Lair:4   | Gained mutation: Your flesh is heat resistant. (rF+)
                  | [demonic ancestry]
 23907 | Lair:4   | Reached XP level 16. HP: 115/122 MP: 23/26
 23933 | Lair:4   | Found a staircase to the Shoals.
 24384 | Spider:1 | Entered Level 1 of the Spider Nest
 24756 | Spider:1 | Noticed Jorgrun
 24772 | Spider:1 | Killed Jorgrun
 25456 | Spider:2 | Reached skill level 18 in Axes
 25456 | Spider:2 | Noticed Kirke
 26231 | Spider:1 | Killed Kirke
 26320 | Spider:2 | Got a brightly glowing war axe
 26320 | Spider:2 | Identified the cursed +1 war axe "Pygrimi" {antimagic,
                  | rElec rN+ Dex+8 Stlth-} (You found it on level 2 of the
                  | Spider Nest)
 26527 | Spider:2 | Noticed Arachne
 26545 | Spider:2 | Killed Arachne
 26951 | Spider:3 | Noticed Mara
 26955 | Spider:3 | Noticed DearestLeader's illusion
 27021 | Spider:2 | Noticed DearestLeader's illusion
 27032 | Spider:2 | Killed Mara
 27675 | Spider:4 | Entered Level 4 of the Spider Nest
 27675 | Spider:4 | Noticed Bai Suzhen
 27696 | Spider:3 | Killed Bai Suzhen
 27696 | Spider:3 | Reached XP level 17. HP: 97/128 MP: 21/28
 27752 | Spider:4 | Noticed Agnes
 27767 | Spider:4 | Killed Agnes
 27858 | Spider:4 | Reached skill level 15 in Invocations
 27980 | Spider:4 | Noticed Nikola
 27989 | Spider:4 | Killed Nikola
 27989 | Spider:4 | Reached skill level 19 in Axes
 28334 | Spider:4 | Noticed Louise
 28340 | Spider:4 | Killed Louise
 28448 | Spider:4 | Noticed Asterion
 28652 | Spider:4 | Killed Asterion
 29463 | Spider:4 | Got a gossamer rune of Zot
 29961 | Vaults:1 | Entered Level 1 of the Vaults
 30223 | Vaults:1 | Gained mutation: You are immune to clouds of flame.
                  | [demonic ancestry]
 30223 | Vaults:1 | Reached XP level 18. HP: 69/134 MP: 21/30
 31320 | Vaults:2 | Found a flickering gateway to a bazaar.
 31329 | Bazaar   | Entered a bazaar
 31331 | Bazaar   | Found Vifor's Gadget Emporium.
 31338 | Bazaar   | Found Ilulaixic's Gadget Emporium.
 31346 | Bazaar   | Found Osomuv's Antique Armour Shoppe.
 31351 | Bazaar   | Found Myvulise's Antique Armour Shoppe.
 31387 | Bazaar   | Found Biarches's Antique Armour Shoppe.
 31430 | Bazaar   | Bought a brightly glowing plate armour for 616 gold pieces
 31440 | Bazaar   | Identified the cursed +1 plate armour of Aviafam {rC+ Str+3
                  | Dex+3} (You bought it in a shop in a bazaar)
 31457 | Bazaar   | Bought a runed cloak for 165 gold pieces
 31513 | Bazaar   | Bought a glowing cloak for 135 gold pieces
 31868 | Vaults:2 | Found Kocokky's Book Boutique.
 31903 | Vaults:2 | Reached skill level 20 in Axes
 32024 | Vaults:2 | Found Ifinedgh's Antique Armour Boutique.
 32042 | Vaults:2 | Reached skill level 10 in Dodging
 32326 | Vaults:2 | Found a staircase to the Crypt.
 32326 | Vaults:2 | Found an ancient bone altar of Kikubaaqudgha.
 32327 | Vaults:2 | Found a basalt altar of Yredelemnul.
 32376 | Vaults:2 | Reached skill level 15 in Armour
 32906 | Vaults:2 | Found a burning altar of Makhleb.
 33306 | Vaults:3 | Gained mutation: You can hurl damnation. [demonic ancestry]
 33306 | Vaults:3 | Reached XP level 19. HP: 116/139 MP: 27/31
 33399 | Vaults:3 | Noticed an ancient lich
 33415 | Vaults:3 | Killed an ancient lich
 34134 | Vaults:3 | Found Pipo's Antique Armour Boutique.
 34306 | Vaults:3 | Found a runed translucent gate.
 34306 | Vaults:3 | Found a runed translucent gate.
 34306 | Vaults:3 | Found a runed translucent gate.
 34306 | Vaults:3 | Found an ancient bone altar of Kikubaaqudgha.
 34306 | Vaults:3 | Noticed a lich
 34306 | Vaults:3 | Noticed SnubMonkey's ghost (adept GnVM)
 34307 | Vaults:3 | Noticed haesbaert's ghost (adept DsAK)
 34835 | Vaults:4 | Noticed Donald
 34844 | Vaults:4 | Killed Donald
 35180 | Vaults:4 | Reached skill level 21 in Axes
 35457 | Vaults:4 | Noticed a Tzitzimitl
 35670 | Vaults:4 | Noticed Frederick
 35672 | Vaults:4 | Noticed a golden dragon
 35685 | Vaults:4 | Killed Frederick
 35705 | Vaults:4 | Reached XP level 20. HP: 75/148 MP: 21/33
 35710 | Vaults:4 | Killed a golden dragon
 36809 | Shoals:1 | Entered Level 1 of the Shoals
 36858 | Shoals:1 | Found Quptyrch's Weapon Emporium.
 38700 | Shoals:3 | Noticed Ilsuiw
 38763 | Shoals:3 | Killed Ilsuiw
 39806 | Shoals:4 | Entered Level 4 of the Shoals
 39806 | Shoals:4 | Found Etiesiru's Assorted Antiques.
 39824 | Shoals:4 | Gained mutation: You regenerate a lot of health from kills.
                  | [demonic ancestry]
 39824 | Shoals:4 | Reached XP level 21. HP: 158/158 MP: 34/34
 40046 | Shoals:4 | Bought 2 scrolls labeled LOLAWONAYS for 76 gold pieces
 40047 | Shoals:4 | Acquired a +2 vampiric executioner's axe
 40048 | Shoals:4 | Acquired the ring of Regaur {rC+ rN+ MP+9 Int+4}
 40437 | Shoals:4 | Got a barnacled rune of Zot
 40512 | Shoals:4 | Got a crude plate armour
 40522 | Shoals:4 | Identified the +8 plate armour of Servitude {+Fly Str+2
                  | Int+7} (You found it on level 4 of the Shoals)
 41457 | Vaults:5 | Entered Level 5 of the Vaults
 41460 | Vaults:5 | Noticed a golden dragon
 41471 | Vaults:5 | Killed a golden dragon
 41497 | Vaults:5 | Identified the +5 glaive "Ocetzuts" {vamp, rPois Int+7}
 41641 | Vaults:5 | Gained mutation: You are completely covered in molten
                  | scales. (AC +4, rF+) [demonic ancestry]
 41641 | Vaults:5 | Reached XP level 22. HP: 116/169 MP: 36/36
 41731 | Vaults:5 | Identified the +11 mace of Eternal Vigilance {vorpal, Str+2
                  | Stlth+}
 42024 | Vaults:5 | Noticed a golden dragon
 42044 | Vaults:5 | Killed a golden dragon
 42044 | Vaults:5 | Noticed an ancient lich
 42050 | Vaults:5 | Identified the +4 long sword of Shame {vorpal, rF+ rN+
                  | Int+7}
 42108 | Vaults:5 | HP: 1/170 [ancient lich/bolt of acid (10)]
 42108 | Vaults:5 | Splashed by an ancient lich's acid

Illustrated notes

Levels and vault maps discovered:
D:1:      wheals_arrival_linesprint, layout_basic
D:2:      layout_rooms, grunt_gozag_breadcrumbs, lemuel_doored_altar,
          nicolae_qazlal_style_of_elements, lemuel_crystal_altar,
          chequers_ecumenical_altar_simple_redux, grunt_decor_one_mirror
D:3:      layout_loops_ring, first_ration
D:4:      kennysheep_six_static_rooms, layout_rooms,
          minmay_misc_feat_secret_circle, fedhas_bush_and_centaur_altar
D:5:      layout_basic, gammafunk_temple_overflow_arena, basic_altar,
          kennysheep_generic_room_5
D:6:      layout_loops_corners, nicolae_overflow_crystal_walls,
          lemuel_coloured_pillars_altar, marbit_many_paths,
          minmay_temple_entry_fiery, uniq_maggie, uniq_pikel
D:7:      layout_loops_ring, eat_drink_and_be_merry_uskayaw, serial_shops,
          shop_statue, hex_tiny, grunt_livestock, uniq_menkaure,
          uniq_prince_ribbit1
D:8:      minmay_curly_fans, layout_rooms, serial_ice, serial_ice_k,
          serial_ice_d, serial_ice_m, serial_ice_c,
          hangedman_abyss_or_decor_passed, minivault_11,
          minmay_gold_behind_fungi, corexii_checkpoint_b,
          nicolae_tso_carved_into_rock
D:9:      layout_irregular_city, led_sif_pool, kennysheep_mini_moat,
          lair_entry_dummy, basic_altar, uniq_grum, uniq_maurice
D:10:     layout_basic, serial_undead, serial_undead_f, serial_undead_c,
          serial_undead_f, serial_undead_d, serial_undead_c, serial_undead_a,
          serial_undead_e, serial_undead_e, basic_altar, dk_vineyard_2,
          minmay_starry_boxes, uniq_josephine
D:11:     layout_roguey [special_room_bee], minmay_orc_entry_temple_small
D:12:     layout_basic
D:13:     layout_irregular_city
D:14:     layout_basic, david_vaults_2, portal_ice_cave_demonic_guard,
          nrook_mini_vaults, uniq_azrael
D:15:     hangedman_depths_entry_try_elsewhere_first, layout_loops_ring,
          serial_bayou_pond_b
Lair:1:   beast_lair_carwin_large_2, layout_regular_city
Lair:2:   mu_elephants_graveyard, layout_gridlike,
          nicolae_volcano_entry_lava_flow, uniq_sonja
Lair:3:   layout_cave_shapes, minivault_19, fungi_pond_lemuel,
          infiniplex_staircase_pool, serial_bayou_shore_b, grunt_megastairs_3
Lair:4:   layout_loops_ring, elwin_shoals_entry_rooms,
          spider_nest_entry_web_field, basic_altar, grunt_megastairs_1
Lair:5:   layout_layer_cave, slime_altar_1, lemuel_fruit_fields
Lair:6:   minmay_lair_end_enchanted_forest, layout_cave_pods, minivault_19,
          serial_bayou_lagoon_a, uniq_nessos
Shoals:1: layout_shoals, serial_shops, nicolae_shop_stone
Shoals:2: cheibrodos_shoals_roost, layout_shoals
Shoals:3: cheibrodos_shoals_three_sisters, layout_shoals, uniq_ilsuiw
Shoals:4: shoals_end_grunt_ice, layout_shoals, serial_shops,
          nicolae_shop_overgrown_old_shop
Spider:1: layout_spider_delve, uniq_jorgrun
Spider:2: layout_spider_delve, drop_trap, nicolae_spider_webs_and_nodes,
          hangedman_spider_mandibles, uniq_arachne, uniq_kirke
Spider:3: layout_spider_delve, uniq_mara
Spider:4: grunt_spider_rune_circles, zaba_antful_of_joy, uniq_nikola,
          uniq_bai_suzhen, uniq_agnes, uniq_louise, uniq_asterion
Orc:1:    layout_diamond_mine
Orc:2:    grunt_orc_cross, layout_diamond_mine, basic_altar, serial_shops,
          nicolae_shop_behind_doors, uniq_urug
Vaults:1: vaults_dpeg_diagonal, vaults_mumra_hex, nicolae_vaults_display_case,
          ontoclasm_vaults_idyll, v_misc_17, v_misc_29, layout_vaults_omnigrid
Vaults:2: nicolae_vaults_theta, minmay_crypt_entry_necro_gods, v_misc_27,
          grunt_vaults_funnel, ontoclasm_vaults_ring_large, serial_ice_b,
          st_hourglassy, hangedman_vaults_unwind,
          nicolae_vaults_border_crossing, vaults_room_semicircle,
          hangedman_vaults_corner, hangedman_vaults_variations,
          ontoclasm_vaults_pinch, hangedman_vaults_impose, v_misc_8,
          layout_vaults_maze, basic_altar, serial_shops, bzr_entry_islet,
          nicolae_shop_statue_plus, shop
Vaults:3: gammafunk_vaults_ghost_crypt, nicolae_vaults_diagonal_hallway_7,
          v_pattern_2, vaults_room_guarded_vault, hangedman_vaults_snaps,
          grunt_vaults_focal, vaults_dpeg_encased_lava, hangedman_vaults_stream,
          nicolae_vaults_big_angled_halls, v_misc_5, v_misc_33,
          ontoclasm_vaults_idyll, hangedman_vaults_capsules,
          vaults_room_mumra_shop_pool, nicolae_vaults_little_squares_4,
          ontoclasm_vaults_loading_screen, nicolae_vaults_shelves_hall,
          layout_vaults_ring
Vaults:4: st_greater_box_2, v_misc_12, vaults_mumra_minichess,
          ontoclasm_vaults_ligature, ontoclasm_vaults_tryst,
          ontoclasm_vaults_shuriken, vaults_dpeg_cross,
          vaults_room_stairs_pillars, layout_vaults_omnicross, uniq_frederick,
          uniq_donald
Vaults:5: serial_shops

Skill      XL: |  1  2  3  4  5  6  7  8  9 10 11 12 13 14 15 16 17 18 19 20 21 22 |
---------------+-------------------------------------------------------------------+-----
Axes           | 3 4 5 7 8 10 11 12 14 15 16 17 18 19 20 21 | 21.8
Dodging        | 3 5 7 9 10 11 12 13 14 | 14.0
Armour         | 1 2 3 4 6 7 8 9 10 11 12 13 14 15 16 17 | 17.4
Invocations    | 3 6 9 11 13 14 16 17 18 19 20 | 20.7
Fighting       | 3 6 8 9 10 12 13 | 13.6
Throwing       | |  1.7

Action                   |  1- 3 |  4- 6 |  7- 9 | 10-12 | 13-15 | 16-18 | 19-21 | 22-24 || total
-------------------------+-------+-------+-------+-------+-------+-------+-------+-------++-------
Melee: War axe           |    95 |   106 |   503 |   793 |   221 |       |       |       ||  1718
       Headbutt          |     8 |    26 |   113 |   230 |   425 |   370 |   434 |    39 ||  1645
       Broad axe         |       |       |       |       |   565 |    11 |       |       ||   576
       Battleaxe         |       |       |       |       |   509 |  1139 |  1297 |   123 ||  3068
       Unarmed           |       |       |       |       |       |    14 |       |       ||    14
Throw: Dart              |     4 |       |       |    13 |       |       |       |     3 ||    20
Invok: Upheaval          |       |       |       |    24 |     8 |    27 |     4 |     7 ||    70
       Elemental Force   |       |       |       |     3 |     1 |     1 |     2 |       ||     7
       Disaster Area     |       |       |       |       |     3 |     3 |     6 |     1 ||    13
 Abil: Hurl Damnation    |       |       |       |       |       |       |     1 |       ||     1
Evoke: Wand              |       |       |       |    13 |       |     7 |     1 |       ||    21
  Use: Scroll            |       |       |    12 |     8 |    12 |    13 |     9 |     5 ||    59
       Potion            |       |       |       |     5 |     3 |     6 |     3 |     1 ||    18
 Stab: Petrifying        |       |       |       |       |     2 |       |       |       ||     2
       Petrified         |       |       |       |       |     2 |       |       |       ||     2
       Held in net/web   |       |       |       |       |       |     1 |       |       ||     1
       Distracted        |       |       |       |       |       |       |     3 |       ||     3
       Invisible         |       |       |       |       |       |       |       |     1 ||     1
  Eat: Chunk             |     1 |     3 |    15 |    14 |    31 |    13 |    22 |     1 ||   100
       Ration            |       |       |       |     1 |     4 |     5 |     2 |       ||    12
Armor: Leather armour    |    26 |       |       |       |       |       |       |       ||    26
       Plate armour      |    14 |   132 |   348 |   384 |   531 |     2 |       |       ||  1411
       Swamp dragon scal |       |       |       |       |       |   308 |       |       ||   308
       Skin              |       |       |       |       |       |     2 |       |       ||     2
       Storm dragon scal |       |       |       |       |       |   133 |   138 |       ||   271
       Gold dragon scale |       |       |       |       |       |       |   610 |    98 ||   708
Dodge: Dodged            |    84 |    60 |   152 |   350 |   506 |   823 |   601 |    37 ||  2613
       Repelled          |       |       |       |    17 |     8 |    29 |    68 |     8 ||   130
Block: Other             |       |     6 |    61 |   364 |   631 |   703 |   811 |    46 ||  2622
       Reflection        |       |       |       |    29 |    23 |    45 |    52 |     7 ||   156
